AAA WEST
LAS VEGAS AVIATORS @ SACRAMENTO RIVER CATS
04/14/2042
 
TOP OF THE 1ST
Las Vegas Aviators batting - Pitching for Sacramento River Cats : RHP Héctor Palma
Pitching: RHP Héctor Palma
Batting: RHB Luis De La Cruz 0-0: SINGLE (Line Drive, 8RS, EV 89.4 MPH)
Batting: RHB Ernesto Peña 0-0: Fly out, F6 (Popup, P, EV 90.6 MPH)
Batting: LHB António González 0-0: Ball
1-0: Swinging Strike
1-1: Ball
Luis De La Cruz steals 2nd base
2-1: SINGLE (Line Drive, 56, EV 99.4 MPH)
Luis De La Cruz to third
Batting: SHB Jimmy Beard 0-0: Ball
1-0: Fly out, F9 (Flyball, 89S, EV 95.6 MPH)
Runner from 3rd tags up, SCORES, throw by RF
Batting: LHB Dane Edgar 0-0: Called Strike
0-1: Foul Ball, location: 2RF
0-2: Ball
1-2: Ball
2-2: Strikes out swinging
Top of the 1st over - 1 run, 2 hits, 0 errors, 1 left on base; Las Vegas 1 - Sacramento 0
BOTTOM OF THE 1ST
Sacramento River Cats batting - Pitching for Las Vegas Aviators : LHP Jesús Romo
Pitching: LHP Jesús Romo
Batting: RHB Luis Hernández 0-0: Called Strike
0-1: Ball
1-1: Fly out, F9 (Flyball, 89M, EV 95.0 MPH)
Batting: RHB Kris Smith 0-0: Ball
1-0: Ground out 6-3 (Groundball, 6, EV 82.5 MPH)
Batting: RHB Dewitt Mathews 0-0: Called Strike
0-1: Fly out, F8 (Line Drive, 8RD, EV 97.5 MPH)
Bottom of the 1st over - 0 runs, 0 hits, 0 errors, 0 left on base; Las Vegas 1 - Sacramento 0
TOP OF THE 2ND
Las Vegas Aviators batting - Pitching for Sacramento River Cats : RHP Héctor Palma
Batting: RHB Chris Walker 0-0: Ground out 2-3 (Groundball, 15S, EV 65.6 MPH)
Batting: LHB Doug Park 0-0: Ball
1-0: Swinging Strike
1-1: Called Strike
1-2: Ball
2-2: Ball
3-2: Strikes out swinging
Batting: SHB Esteban Martínez 0-0: Swinging Strike
0-1: Ball
1-1: Ball
2-1: Foul Ball, location: 2F
2-2: Ball
3-2: Base on Balls
Batting: SHB Mitch Wagner 0-0: Swinging Strike
0-1: Ball
1-1: Fielders Choice at 2nd, 6-4 (Groundball, 6, EV 95.0 MPH)
Top of the 2nd over - 0 runs, 0 hits, 0 errors, 1 left on base; Las Vegas 1 - Sacramento 0
BOTTOM OF THE 2ND
Sacramento River Cats batting - Pitching for Las Vegas Aviators : LHP Jesús Romo
Batting: RHB Lou MacDonald 0-0: Ball
1-0: Ball
2-0: Ball
3-0: Called Strike
3-1: Foul Ball, location: 9LDF
3-2: Fly out, F8 (Flyball, 89D, EV 94.4 MPH)
Batting: LHB Steve Browning 0-0: Ball
1-0: Swinging Strike
1-1: Ball
2-1: Swinging Strike
2-2: Strikes out looking
Batting: RHB José Simmons 0-0: Ball
1-0: Ball
2-0: Ball
3-0: Called Strike
3-1: Swinging Strike
3-2: Strikes out swinging
Bottom of the 2nd over - 0 runs, 0 hits, 0 errors, 0 left on base; Las Vegas 1 - Sacramento 0
TOP OF THE 3RD
Las Vegas Aviators batting - Pitching for Sacramento River Cats : RHP Héctor Palma
Batting: RHB Luis De La Cruz 0-0: Ground out 4-3 (Groundball, 34, EV 86.9 MPH)
Batting: RHB Ernesto Peña 0-0: Ball
1-0: Swinging Strike
1-1: SINGLE (Line Drive, 7LS, EV 103.8 MPH)
Batting: LHB António González 0-0: Ball
1-0: Foul Ball, location: 7LSF
1-1: Ball
2-1: DOUBLE (Flyball, 8RXD, EV 105.6 MPH)
Ernesto Peña to third
Runner from 3rd tries for Home, throw by CF and OUT! 8-4-2
Batting: SHB Jimmy Beard 0-0: Called Strike
0-1: Ball
1-1: Ball
2-1: Ball
3-1: Base on Balls
Batting: LHB Dane Edgar 0-0: Ball
1-0: Foul Ball, location: 2F
1-1: Foul Ball, location: 3F
1-2: Ground out 4-3 (Groundball, 34, EV 102.5 MPH)
Top of the 3rd over - 0 runs, 2 hits, 0 errors, 2 left on base; Las Vegas 1 - Sacramento 0
BOTTOM OF THE 3RD
Sacramento River Cats batting - Pitching for Las Vegas Aviators : LHP Jesús Romo
Pitching: RHP Tomás Jaramillo
Batting: RHB Tim Miller 0-0: Called Strike
0-1: Ground out U3 (Groundball, 34S, EV 85.0 MPH)
Batting: RHB Phil Jordan 0-0: Ball
1-0: Called Strike
1-1: Ball
2-1: Ground out 5-3 (Groundball, 5, EV 100.6 MPH)
Batting: RHB Jim Unknown 0-0: Foul Ball, location: 7LSF
0-1: Ball
1-1: Swinging Strike
1-2: Foul Ball, location: 2F
1-2: Ball
2-2: Foul Ball, location: 25FF
2-2: Strikes out swinging
Bottom of the 3rd over - 0 runs, 0 hits, 0 errors, 0 left on base; Las Vegas 1 - Sacramento 0
TOP OF THE 4TH
Las Vegas Aviators batting - Pitching for Sacramento River Cats : RHP Héctor Palma
Batting: RHB Chris Walker 0-0: Ball
1-0: Ball
2-0: Ball
3-0: Called Strike
3-1: Base on Balls
Batting: LHB Doug Park 0-0: Bunted foul
0-1: Ball
1-1: Sac Bunt to 15S - play at first, batter OUT! 1-3
Chris Walker to second
Batting: SHB Esteban Martínez 0-0: Ball
1-0: Called Strike
1-1: Ball
2-1: Ball
3-1: Called Strike
3-2: Ground out 4-3 (Groundball, 4, EV 86.3 MPH)
Chris Walker to third
Batting: SHB Mitch Wagner 0-0: Ball
1-0: SINGLE (Groundball, 5S, EV 74.4 MPH) (infield hit)
Chris Walker scores
Batting: RHB Luis De La Cruz 0-0: Called Strike
0-1: Ground out 6-3 (Groundball, 6MS, EV 67.5 MPH)
Top of the 4th over - 1 run, 1 hit, 0 errors, 1 left on base; Las Vegas 2 - Sacramento 0
BOTTOM OF THE 4TH
Sacramento River Cats batting - Pitching for Las Vegas Aviators : RHP Tomás Jaramillo
Batting: RHB Luis Hernández 0-0: Ball
1-0: Ball
2-0: Fly out, F7 (Flyball, 78M, EV 83.8 MPH)
Batting: RHB Kris Smith 0-0: SINGLE (Line Drive, 89S, EV 101.3 MPH)
Batting: RHB Dewitt Mathews 0-0: Called Strike
Kris Smith steals 2nd base (no throw)
0-1: Called Strike
0-2: Ball
1-2: Foul Ball, location: 9LDF
1-2: Strikes out swinging
Batting: RHB Lou MacDonald 0-0: Foul Ball, location: 5FF
0-1: Ball
1-1: Called Strike
1-2: Ball
2-2: Ground out 5-3 (Groundball, 56S, EV 86.9 MPH)
Bottom of the 4th over - 0 runs, 1 hit, 0 errors, 1 left on base; Las Vegas 2 - Sacramento 0
TOP OF THE 5TH
Las Vegas Aviators batting - Pitching for Sacramento River Cats : RHP Héctor Palma
Batting: RHB Ernesto Peña 0-0: Ball
1-0: Fly out, F7 (Flyball, 7, EV 88.1 MPH)
Batting: LHB António González 0-0: Swinging Strike
0-1: Foul Ball, location: 9LMF
0-2: Ball
1-2: Ground out 5-3 (Groundball, 5, EV 71.3 MPH)
Batting: SHB Jimmy Beard 0-0: Called Strike
0-1: Ball
1-1: Foul Ball, location: 2F
1-2: Ball
2-2: Ball
3-2: Foul Ball, location: 9LSF
3-2: Fly out, F9 (Line Drive, 9, EV 86.9 MPH)
Top of the 5th over - 0 runs, 0 hits, 0 errors, 0 left on base; Las Vegas 2 - Sacramento 0
BOTTOM OF THE 5TH
Sacramento River Cats batting - Pitching for Las Vegas Aviators : RHP Tomás Jaramillo
Batting: LHB Steve Browning 0-0: Ball
1-0: SINGLE (Groundball, 34D, EV 106.9 MPH)
Batting: RHB José Simmons 0-0: Ball
Steve Browning is caught stealing 2nd base 2-4
1-0: Ball
2-0: Fly out, F7 (Flyball, 7D, EV 93.8 MPH)
Batting: RHB Tim Miller 0-0: Called Strike
0-1: Foul Ball, location: 7LSFF
0-2: Ball
1-2: Strikes out swinging
Bottom of the 5th over - 0 runs, 1 hit, 0 errors, 0 left on base; Las Vegas 2 - Sacramento 0
TOP OF THE 6TH
Las Vegas Aviators batting - Pitching for Sacramento River Cats : RHP Héctor Palma
Batting: LHB Dane Edgar 0-0: Ball
1-0: DOUBLE (Flyball, 8RXD, EV 108.1 MPH)
Batting: RHB Chris Walker 0-0: Ball
1-0: Ball
2-0: Foul Ball, location: 7LSF
2-1: SINGLE (Groundball, 6MD, EV 94.4 MPH)
Dane Edgar to third
Batting: LHB Doug Park 0-0: Ball
1-0: Ball
2-0: Called Strike
2-1: Foul Ball, location: 2LF
2-2: Ball
3-2: Base on Balls
Chris Walker to second
Pitching: RHP Dusty James
Batting: SHB Esteban Martínez 0-0: Ball
1-0: Hit by Pitch
Dane Edgar scores
Chris Walker to third
Doug Park to second
Batting: SHB Mitch Wagner 0-0: Called Strike
0-1: Swinging Strike
0-2: Strikes out swinging
Batting: RHB Luis De La Cruz 0-0: Ball
1-0: Ball
2-0: SINGLE (Line Drive, 9LS, EV 97.5 MPH)
Chris Walker scores
Doug Park to third
Esteban Martínez to second
Batting: RHB Ernesto Peña 0-0: Swinging Strike
0-1: Foul Ball, location: 2RF
0-2: Ball
1-2: Strikes out swinging
Batting: LHB António González 0-0: Called Strike
0-1: Foul Ball, location: 7LDF
0-2: Ball
1-2: Ball
2-2: Foul Ball, location: 3FF
2-2: GRAND SLAM HOME RUN (Flyball, 9D, EV 103.1 MPH), Distance : 414 ft
Batting: SHB Jimmy Beard 0-0: Called Strike
0-1: Swinging Strike
0-2: Ball
1-2: Ball
2-2: Ball
3-2: Base on Balls
Batting: LHB Dane Edgar 0-0: Ball
1-0: Called Strike
1-1: TRIPLE (Flyball, 9LD, EV 100.0 MPH)
Jimmy Beard scores
Pitching: RHP Clarence Bishop
Batting: RHB Chris Walker 0-0: Foul Ball, location: 2F
0-1: Ball
1-1: Foul Ball, location: 2LF
1-2: Ball
2-2: Foul Ball, location: 2F
2-2: Ground out 3-1 (Groundball, 34S, EV 89.4 MPH)
Top of the 6th over - 7 runs, 5 hits, 0 errors, 1 left on base; Las Vegas 9 - Sacramento 0
BOTTOM OF THE 6TH
Sacramento River Cats batting - Pitching for Las Vegas Aviators : RHP Tomás Jaramillo
Batting: RHB Phil Jordan 0-0: Called Strike
0-1: Called Strike
0-2: Ball
1-2: Strikes out looking
Batting: RHB Jim Unknown 0-0: Called Strike
0-1: Foul Ball, location: 2F
0-2: Foul Ball, location: 2F
0-2: SINGLE (Groundball, 5D, EV 99.4 MPH)
Batting: RHB Luis Hernández 0-0: Fly out, F7 (Flyball, 7, EV 108.1 MPH)
Batting: RHB Kris Smith 0-0: Ball
1-0: Ball
2-0: Ball
3-0: Called Strike
3-1: Swinging Strike
3-2: Strikes out looking
Bottom of the 6th over - 0 runs, 1 hit, 0 errors, 1 left on base; Las Vegas 9 - Sacramento 0
TOP OF THE 7TH
Las Vegas Aviators batting - Pitching for Sacramento River Cats : RHP Clarence Bishop
Pinch Hitting: LHB Zane Becker 0-0: DOUBLE (Flyball, 8RXD, EV 109.4 MPH)
Batting: SHB Esteban Martínez 0-0: Called Strike
0-1: Ball
1-1: Fly out, F9 (Line Drive, 9, EV 94.4 MPH)
Batting: SHB Mitch Wagner 0-0: Ball
1-0: Foul Ball, location: 5SF
1-1: Ground out 4-3 (Groundball, 4, EV 83.8 MPH)
Zane Becker to third
Batting: RHB Luis De La Cruz 0-0: Ball
1-0: Swinging Strike
1-1: Foul Ball, location: 2F
1-2: Ball
2-2: Ground out 5-3 (Groundball, 56S, EV 89.4 MPH)
Top of the 7th over - 0 runs, 1 hit, 0 errors, 1 left on base; Las Vegas 9 - Sacramento 0
BOTTOM OF THE 7TH
Sacramento River Cats batting - Pitching for Las Vegas Aviators : RHP Tomás Jaramillo
Now at 3B: Zane Becker
Pinch Hitting: RHB Gavino Giardina 0-0: Foul Ball, location: 5DF
0-1: Fly out, F5 (Line Drive, 5, EV 70.6 MPH)
Batting: RHB Lou MacDonald 0-0: Ball
1-0: SINGLE (Flyball, 4D, EV 97.5 MPH)
Batting: LHB Steve Browning 0-0: Called Strike
0-1: Swinging Strike
0-2: Strikes out swinging
Pinch Hitting: LHB Jon Stone 0-0: Swinging Strike
0-1: Fly out, F8 (Flyball, 8LM, EV 86.9 MPH)
Bottom of the 7th over - 0 runs, 1 hit, 0 errors, 1 left on base; Las Vegas 9 - Sacramento 0
TOP OF THE 8TH
Las Vegas Aviators batting - Pitching for Sacramento River Cats : RHP Clarence Bishop
Now at SS: Gavino Giardina
Now in CF: Jon Stone
Batting: RHB Ernesto Peña 0-0: Swinging Strike
0-1: Foul Ball, location: 9LSF
0-2: Strikes out swinging
Batting: LHB António González 0-0: Ball
1-0: Called Strike
1-1: SINGLE (Groundball, 34D, EV 96.9 MPH)
Pinch Hitting: RHB Geomar Josi 0-0: Called Strike
0-1: Ball
1-1: Ball
2-1: Fly out, F9 (Line Drive, 9, EV 102.5 MPH)
Batting: LHB Dane Edgar 0-0: Called Strike
0-1: Foul Ball, location: 7LMF
0-2: Strikes out swinging
Top of the 8th over - 0 runs, 1 hit, 0 errors, 1 left on base; Las Vegas 9 - Sacramento 0
BOTTOM OF THE 8TH
Sacramento River Cats batting - Pitching for Las Vegas Aviators : RHP Tomás Jaramillo
Now at 1B: Geomar Josi
Batting: RHB Tim Miller 0-0: Called Strike
0-1: Ball
1-1: Called Strike
1-2: Ball
2-2: Foul Ball, location: 2F
2-2: Fly out, F7 (Flyball, 78M, EV 76.9 MPH)
Batting: RHB Phil Jordan 0-0: Ball
1-0: Ball
2-0: Called Strike
2-1: Ball
3-1: Foul Ball, location: 9LMF
3-2: Foul Ball, location: 9LDF
3-2: Foul Ball, location: 25F
3-2: Ground out 6-3 (Groundball, 56, EV 103.8 MPH)
Batting: RHB Jim Unknown 0-0: Called Strike
0-1: Ball
1-1: Called Strike
1-2: Foul Ball, location: 2F
1-2: Strikes out swinging
Bottom of the 8th over - 0 runs, 0 hits, 0 errors, 0 left on base; Las Vegas 9 - Sacramento 0
TOP OF THE 9TH
Las Vegas Aviators batting - Pitching for Sacramento River Cats : RHP Clarence Bishop
Batting: RHB Chris Walker 0-0: Called Strike
0-1: Foul Ball, location: 9LDF
0-2: Ball
1-2: Ball
2-2: Ball
3-2: Strikes out swinging
Batting: LHB Zane Becker 0-0: Foul Ball, location: 2F
0-1: Ball
1-1: Ball
2-1: Ground out 4-3 (Groundball, 4, EV 88.1 MPH)
Batting: SHB Esteban Martínez 0-0: Called Strike
0-1: Foul Ball, location: 2F
0-2: Foul Ball, location: 7LSF
0-2: Ball
1-2: Hit by Pitch
Batting: SHB Mitch Wagner 0-0: Ball
1-0: Swinging Strike
1-1: Swinging Strike
1-2: Strikes out swinging
Top of the 9th over - 0 runs, 0 hits, 0 errors, 1 left on base; Las Vegas 9 - Sacramento 0
BOTTOM OF THE 9TH
Sacramento River Cats batting - Pitching for Las Vegas Aviators : RHP Tomás Jaramillo
Batting: RHB Luis Hernández 0-0: Ball
1-0: Ball
2-0: Ball
3-0: Base on Balls
Batting: RHB Kris Smith 0-0: Ball
1-0: Ground out 6-3 (Groundball, 56, EV 107.5 MPH)
Luis Hernández to second
Batting: RHB Gavino Giardina 0-0: Called Strike
0-1: Ball
1-1: Ball
2-1: Ball
3-1: Base on Balls
Batting: RHB Lou MacDonald 0-0: Swinging Strike
0-1: Ball
1-1: Swinging Strike
1-2: Strikes out swinging
Batting: LHB Steve Browning 0-0: DOUBLE (Line Drive, 9LS, EV 111.3 MPH)
Luis Hernández scores
Gavino Giardina to third
Batting: LHB Jon Stone 0-0: Ball
1-0: Ball
2-0: Fly out, F8 (Flyball, 8LD, EV 73.8 MPH)
Bottom of the 9th over - 1 run, 1 hit, 0 errors, 2 left on base; Las Vegas 9 - Sacramento 1
Monday, April 29th , 2024 - OOTP Baseball 24.10 Build 82